AoeStats
← Blazing Cartesia, The Virtuous

Arabia

510228410Analyzed
1v1 RM · 1d ago on Sep 30, 2026· 17m 19s· 2 players
Game mode
Random Map
Map size
Tiny (2 player)
Population
200
Speed
Normal
Resources
Standard
Victory
Conquest
Starting age
Dark Age
Ending age
Imperial Age
RankedLock teamsTeams togetherTeam positionsShared explorationLock speedFull tech treeHidden civsTurbo modeCheats
Victory
Defeat
1233
+16
🇺🇸 Japanese · United States
1234
-16
Blazing Cartesia, The Virtuous
6:29 Loom
9:20 Feudal Age
10:03 Double-Bit Axe
16:11 Fletching
17:35 Horse Collar
goldenyogi
7:00 Loom
7:19 Loom
10:21 Feudal Age
10:25 Man-at-Arms
11:50 Arson
17:03 Fletching
Connection lost

Rejoining the realm…

Still unreachable

The connection could not be restored.

Session expired

The server has moved on; the page needs a fresh start.